 Dungeon Crawl Stone Soup version 0.32-a0-468-g38b2580584 (webtiles) character file.

Game seed: 9255570667613868483

445 ezpacito the Trooper (level 6, -2/48 HPs)
             Began as a Demonspawn Chaos Knight on Feb 25, 2024.
             Was a Plaything of Xom.
             Slain by Menkaure (11 damage)
             ... on level 4 of the Dungeon.
             The game lasted 00:04:18 (2977 turns).

ezpacito the Trooper (Demonspawn Chaos Knight)      Turns: 2977, Time: 00:04:18

Health: -2/48      AC:  8    Str: 18 (20) XL:     6   Next: 72%
Magic:  8/8        EV: 17    Int: 16 (18) God:    Xom [..*...]
Gold:   210        SH:  0    Dex: 11 (12) Spells: 4/8 levels left

rFire   . . .        a - +0 hand axe (chaos)
rCold   + . .        (no shield)
rNeg    . . .        b - +2 leather armour
rPois   .            (no helmet)
rElec   .            r - +0 cloak
rCorr   .            (no gloves)
SInv    .            (no boots)
Will    +....        i - amulet of magic regeneration
Stlth   +            A - ring of Laoxt {rC+ EV+5 Int+5}
HPRegen 0.28/turn    j - +6 ring of strength
MPRegen 0.51/turn

%: no passive effects
@: enlightened, flying
A: claws 1, slimy green scales 1, spiny 1, inability to read after injury 1
a: Renounce Religion


You were on level 4 of the Dungeon.
You worshipped Xom.
You were a toy of Xom.
You visited 1 branch of the dungeon, and saw 4 of its levels.

You collected 210 gold pieces.

Inventory:

Hand Weapons
 a - a +0 hand axe of chaos (weapon)
 w - a +1 hand axe of flaming
 x - a +1 vampiric hand axe
Missiles
 m - 5 boomerangs (quivered)
 q - 6 javelins
 B - 8 poisoned darts
Armour
 b - a +2 leather armour (worn)
 r - a +0 cloak (worn)
 y - a +0 chain mail
Magical Staves
 t - a staff of alchemy
Jewellery
 e - a ring of willpower
 i - an amulet of magic regeneration (around neck)
 j - a +6 ring of strength (right claw)
 n - a ring of flight
 s - a ring of poison resistance
 A - the ring of Laoxt (left claw) {rC+ EV+5 Int+5}
   (You found it on level 4 of the Dungeon)

   [ring of evasion]

   EV+5:      It affects your evasion (+5).
   Int+5:     It affects your intelligence (+5).
   rC+:       It protects you from cold.
Wands
 g - a wand of flame (42)
Scrolls
 c - a scroll of butterflies
 d - a scroll of immolation {unknown}
 f - a scroll of revelation {unknown}
 u - a scroll of enchant weapon {unknown}
 v - a scroll of fog
 z - a scroll of identify
Potions
 k - 2 potions of brilliance
 l - a potion of mutation
 o - a potion of enlightenment


   Skills:
 * Level 3.9 Fighting
 * Level 3.5(3.6) Axes
 + Level 1.3(2.6) Polearms
 + Level 0.5 Throwing
 * Level 2.7 Armour
 * Level 2.2 Dodging
 + Level 1.2 Stealth
 * Level 1.6 Unarmed Combat
 * Level 1.9 Spellcasting
 + Level 0.9 Hexes
 * Level 1.9 Necromancy
 + Level 0.2 Evocations


You had 4 spell levels left.
You knew the following spells:

 Your Spells              Type           Power      Damage    Failure   Level
a - Slow                  Hex            16%        N/A       17%         1
b - Vampiric Draining     Necr           7%         2d6       34%         3

Your spell library contained the following spells:

 Spells                   Type           Power      Damage    Failure   Level
 Necrotise                Necr           28%        1d5       12%         1
 Magic Dart               Conj           4%         1d3       26%         1
 Mercury Vapours          Alch/Air       2%         N/A       36%         2
 Searing Ray              Conj           2%         2d4       36%         2
 Confusing Touch          Hex            4%         N/A       45%         3
 Sigil of Binding         Hex            4%         N/A       45%         3
 Mephitic Cloud           Conj/Alch/Air  1%         N/A       58%         3
 Martyr's Knell           Necr/Summ      4%         N/A       86%         4
 Fulminant Prism          Conj/Alch      0%         3d5       94%         4
 Curse of Agony           Necr           7%         N/A       97%         5
 Freezing Cloud           Conj/Ice/Air   0%         6-21      100%        5


Dungeon Overview and Level Annotations

Branches:
Dungeon (4/15)
 Temple: D:4-7

Altars:
Dithmenos

Annotations:
D:4 Menkaure


Innate Abilities, Weirdness & Mutations

You have sharp fingernails.
You are partially covered in slimy green scales. (AC +2)
You are partially covered in sharp spines.
You occasionally lose the ability to read scrolls when taking damage.


Message History

You feel less invigorated.
You feel less confused.
Xom momentarily opens a gate.
You are now a toy of Xom.
Menkaure is struck by your spines. Menkaure hits you!
* * * LOW HITPOINT WARNING * * *
Menkaure closely misses you.
You hit Menkaure. You burn Menkaure.
Menkaure is heavily damaged.
Menkaure calls on the powers of darkness!
Your body is wracked with pain!
* * * LOW HITPOINT WARNING * * *
Your white imp closely misses Menkaure.
You swap places.
Menkaure barely misses your shadow imp.
Your shadow imp hits Menkaure but does no damage.
Found a stone staircase leading down.
Menkaure barely misses your shadow imp.
Your white imp hits Menkaure.
Your white imp freezes Menkaure.
Menkaure resists.
Your shadow imp hits Menkaure.
Menkaure hits your white imp!!
Your white imp dies!
Your white imp disappears in a puff of smoke!
Menkaure shouts!
Menkaure barely misses your shadow imp.
Your shadow imp barely misses Menkaure.
Menkaure calls on the powers of darkness!
Your body is wracked with pain!
* * * LOW HITPOINT WARNING * * *
Your shadow imp hits Menkaure.
Something barely misses your shadow imp.
You feel better.
Your shadow imp hits Menkaure.
Menkaure hits your shadow imp but does no damage.
Your shadow imp hits Menkaure but does no damage.
Menkaure calls on the powers of darkness!
Your body is wracked with pain!
* * * LOW HITPOINT WARNING * * *
Menkaure closely misses your shadow imp.
Your shadow imp hits Menkaure.
Menkaure hits your shadow imp!!
Your shadow imp dies!
Your shadow imp disappears in a puff of smoke!
Menkaure hits you!
You die... "This toy is broken."

########### ####
#######.........##....
#.............#.#.....
#.#####.#####M#..>....
#.# #+# #@#....... #.#
#......... # #.#
#.##...... ####.##
##.# ..... ......#
#..# .... ####.## ##.#
... #..# #.# #. ###..#
#.# .....# ### #.#


You could see Menkaure (fast).

Vanquished Creatures
  Crazy Yiuf (D:3)
  A jelly (D:4)
  Terence (D:2)
  3 orc wizards (D:3)
  2 adders (D:4)
  7 gnolls
  2 ribbon worms (D:3)
  13 orcs
  6 ball pythons
  5 bats
  4 endoplasms
  A giant cockroach (D:4)
  2 hobgoblins
  8 jackals
  5 quokkas
  8 frilled lizards
  5 goblins
  5 kobolds
  7 rats
86 creatures vanquished.

Vanquished Creatures (collateral kills)
  Duvessa (D:4)
  Dowan (D:4)
2 creatures vanquished.

Grand Total: 88 creatures vanquished

Notes
Turn   | Place    | Note
-------+----------+-------------------------------------------
     0 | D:1      | ezpacito the Demonspawn Chaos Knight began the quest for
                  | the Orb.
     0 | D:1      | Reached XP level 1. HP: 18/18 MP: 1/1
   149 | D:1      | Reached skill level 1 in Dodging
   154 | D:1      | Gained mutation: You are partially covered in slimy green
                  | scales. (AC +2) [demonic ancestry]
   154 | D:1      | Reached XP level 2. HP: 23/24 MP: 2/2
   484 | D:1      | XOM: silly message
   669 | D:2      | Noticed Terence
   682 | D:2      | Killed Terence
   683 | D:2      | Reached skill level 1 in Spellcasting
   683 | D:2      | Gained mutation: You have sharp fingernails. [demonic
                  | ancestry]
   683 | D:2      | Reached XP level 3. HP: 17/29 MP: 2/4
   806 | D:2      | Learned a level 1 spell: Slow
   810 | D:2      | Learned a level 3 spell: Vampiric Draining
   827 | D:2      | XOM: 5-stop teleportation journey
  1395 | D:3      | Found a runed translucent door.
  1396 | D:3      | Noticed Crazy Yiuf
  1460 | D:3      | Reached XP level 4. HP: 12/35 MP: 5/5
  1460 | D:3      | XOM: butterfly on damage
  1477 | D:3      | XOM: stat loss: -1 Int (12/13)
  1576 | D:3      | XOM: smoke on damage
  1717 | D:3      | Reached skill level 1 in Unarmed Combat
  1717 | D:3      | Reached skill level 1 in Necromancy
  1717 | D:3      | Gained mutation: You are partially covered in sharp spines.
                  | [demonic ancestry]
  1717 | D:3      | Reached XP level 5. HP: 19/41 MP: 6/6
  1718 | D:3      | Reached skill level 1 in Stealth
  1805 | D:3      | XOM: silly message
  1959 | D:3      | Found a faded altar of an unknown god.
  1969 | D:3      | XOM: divination: detect items
  2033 | D:3      | Found a shadowy altar of Dithmenos.
  2191 | D:3      | Reached skill level 1 in Polearms
  2387 | D:3      | XOM: give mutation
  2387 | D:3      | Gained mutation: You occasionally lose the ability to read
                  | scrolls when taking damage. [Xom's mischief]
  2390 | D:3      | Killed Crazy Yiuf
  2470 | D:4      | Noticed Duvessa
  2471 | D:4      | Noticed Dowan
  2484 | D:4      | XOM: summons friendly white imp
  2486 | D:4      | Killed Duvessa
  2487 | D:4      | Reached XP level 6. HP: 33/48 MP: 8/8
  2494 | D:4      | Killed Dowan
  2756 | D:4      | XOM: polymorph kobold -> jackal
  2878 | D:4      | Identified the ring of Laoxt {rC+ EV+5 Int+5}
  2949 | D:4      | Noticed Menkaure
  2966 | D:4      | XOM: summons 2 friendly demons
  2977 | D:4      | Slain by Menkaure

Illustrated notes

Levels and vault maps discovered:
D:1:      enne_arrival_octagon_isle, layout_loops_cross
D:2:      layout_rooms, uniq_terence
D:3:      layout_loops_corners, mainiacjoe_overflow_six_doors_small,
          hellmonk_ecumenical_altar_pennies_from_heaven, uniq_crazy_yiuf_cottage
D:4:      layout_rooms, cheibrodos_worm_habitat, uniq_menkaure, uniq_duvessa

Skill      XL: |  1  2  3  4  5 |
---------------+----------------+-----
Dodging        | 1 2 |  2.2
Armour         | 2 |  2.7
Spellcasting   | 1 |  1.9
Axes           | 3 |  3.5
Unarmed Combat | 1 |  1.6
Necromancy     | 1 |  1.9
Stealth        | 1 |  1.2
Polearms       | 1 |  1.3
Fighting       | |  3.9
Throwing       | |  0.5
Hexes          | |  0.9
Evocations     | |  0.2

Action                     |  1- 3 |  4- 6 || total
---------------------------+-------+-------++-------
  Melee: Hand axe          |   127 |   114 ||   241
   Cast: Slow              |       |     1 ||     1
  Evoke: Wand              |       |     1 ||     1
    Use: Scroll            |     5 |     1 ||     6
         Potion            |       |     6 ||     6
   Stab: Confused          |     1 |       ||     1
         Sleeping          |     1 |       ||     1
 Armour: Leather armour    |    94 |    93 ||   187
  Dodge: Dodged            |    96 |    64 ||   160

Table legend: (Time is in decaauts)
 A = Elapsed time spent in this place.
 B = Non-inter-level travel time spent in this place.
 C = Inter-level travel time spent in this place.
 D = Time resting spent in this place.
 E = Time spent auto-exploring this place.
 F = Levels seen in this place.
 G = Mean time per level.
                   A        B        C        D        E       F      G
               +--------+--------+--------+--------+--------+-----+--------+
         Total |   3013 |   2892 |    121 |     12 |   2296 |   4 |  753.2 |
       Dungeon |   3013 |   2892 |    121 |     12 |   2296 |   4 |  753.2 |
               +--------+--------+--------+--------+--------+-----+--------+

Top non-repeatable levels by time:
     D:3: 1307 daAuts
     D:1: 673 daAuts
     D:2: 521 daAuts
     D:4: 510 daAuts
